 Dungeon Crawl Stone Soup version 0.28-a0-384-g9e0c098162 (webtiles) character file.

Game seed: 3545856237914759090

261 chris0x the Skirmisher (level 6, -1/48 HPs)
             Began as a Human Chaos Knight on Sept 2, 2021.
             Was a Plaything of Xom.
             Slain by a phantom (4 damage)
             ... on level 4 of the Dungeon.
             The game lasted 00:07:01 (3151 turns).

chris0x the Skirmisher (Human Chaos Knight)         Turns: 3151, Time: 00:07:01

Health: -1/48      AC:  6    Str: 14    XL:     6   Next: 42%
Magic:  8/8        EV: 12    Int: 12    God:    Xom [*.....]
Gold:   105        SH:  5    Dex: 19    Spells: 8/8 levels left

rFire   . . .      SeeInvis .   a - +2 mace (chaos)
rCold   . . .      Faith    .   k - +0 buckler
rNeg    . . .      Spirit   .   b - +2 leather armour
rPois   .          Reflect  .   (no helmet)
rElec   .          Harm     .   (no cloak)
rCorr   .          Rampage  .   g - +0 pair of gloves
Will    .....                   (no boots)
Stlth   +.........              (no amulet)
HPRegen 0.16/turn               o - +6 ring of dexterity
MPRegen 0.11/turn               (no ring)

@: no status effects
A: no striking features
a: Renounce Religion


You were on level 4 of the Dungeon.
You worshipped Xom.
You were a special plaything of Xom.
You visited 1 branch of the dungeon, and saw 4 of its levels.

You collected 105 gold pieces.

Inventory:

Hand Weapons
 a - a +2 mace of chaos (weapon)
 h - a -3 vampiric whip
Missiles
 c - 23 sling bullets
 f - 20 bolts
 j - 66 stones (quivered)
 n - 27 arrows
Armour
 b - a +2 leather armour (worn)
 d - a +0 scale mail of fire resistance
 g - a +0 pair of gloves (worn)
 k - a +0 buckler (worn)
Jewellery
 o - a +6 ring of dexterity (left hand)
Scrolls
 i - a scroll of silence
 l - a scroll of teleportation
Potions
 e - a potion of heal wounds {unknown}
 m - a potion of might {unknown}
 p - a potion of curing {unknown}


   Skills:
 * Level 4.2 Fighting
 * Level 3.9 Maces & Flails
 + Level 0.0 Throwing
 + Level 3.1 Armour
 * Level 2.3 Dodging
 * Level 1.5 Shields
 + Level 1.6 Spellcasting


You had 8 spell levels left.
You didn't know any spells.
Your spell library was empty.

Dungeon Overview and Level Annotations

Branches:
Dungeon (4/15)
 Temple: D:4-7

Altars:


Message History

You completely miss the phantom.
The phantom is severely damaged.
The phantom hits you.
The phantom hits you but does no damage.
You hit the phantom.
The phantom is severely damaged.
You block the phantom's attack. The phantom misses you.
You barely miss the phantom.
The phantom is severely damaged.
The phantom misses you. The phantom hits you!
You barely miss the phantom.
The phantom is severely damaged.
The phantom hits you.
The phantom blinks!
You blink.
You block the phantom's attack.
You barely miss the phantom.
The phantom is severely damaged.
The phantom hits you. You block the phantom's attack.
You closely miss the phantom.
The phantom is severely damaged.
The phantom hits you. The phantom misses you.
You hit the phantom. You burn the phantom.
The phantom is severely damaged.
The phantom hits you. x2
* * * LOW HITPOINT WARNING * * *
You miss the phantom.
The phantom is severely damaged.
The phantom hits you but does no damage.
Throw: 67 stones
Press: ? - help, Q - select action Shift-Dir - straight line, f - phantom
Aim: a phantom (severely damaged, fast, 53% to hit)
You throw a stone. The stone closely misses the phantom.
The phantom barely misses you. The phantom hits you.
* * * LOW HITPOINT WARNING * * *
The phantom blinks!
You blink.
The phantom hits you.
* * * LOW HITPOINT WARNING * * *
The phantom blinks!
You blink.
The phantom hits you.
You die...
Xom howls with laughter!

#.. #.. #.# #.#
# #.##.##.#
##........
#.........
#W#####.##
#######@#### #
.......§...# .#
....###.##.# .#
.. #.##.##.#
#.###<......#
#..........##
......###......#
..### #.#.#.§##
#.........#


You could see a phantom (fast).

Vanquished Creatures
  2 ogres (D:3)
  3 adders
  3 dart slugs
  5 endoplasms
  3 giant cockroaches
  9 hobgoblins
  3 jackals (D:3)
  2 quokkas
  4 ball pythons
  5 bats
  4 frilled lizards
  4 goblins
  8 kobolds
  9 rats
64 creatures vanquished.

Notes
Turn   | Place    | Note
-------+----------+-------------------------------------------
     0 | D:1      | chris0x the Human Chaos Knight began the quest for the Orb.
     0 | D:1      | Reached XP level 1. HP: 18/18 MP: 1/1
   111 | D:1      | Reached XP level 2. HP: 17/24 MP: 2/2
   467 | D:1      | Found Gyama's Jewellery Emporium.
   739 | D:1      | XOM: silly message
   849 | D:1      | XOM: silly message
   969 | D:2      | Reached XP level 3. HP: 12/29 MP: 3/3
   984 | D:2      | XOM: divination: detect items
  1307 | D:2      | XOM: 2-stop teleportation journey
  1315 | D:2      | Found a faded altar of an unknown god.
  1445 | D:2      | XOM: silly message
  1472 | D:2      | XOM: silly message
  1502 | D:2      | XOM: silly message
  1847 | D:2      | XOM: divination: magic mapping
  1912 | D:2      | Reached XP level 4. HP: 30/36 MP: 4/4
  2130 | D:3      | XOM: silly message
  2155 | D:3      | Noticed an ogre
  2499 | D:3      | Reached skill level 1 in Spellcasting
  2553 | D:3      | XOM: silly message
  2659 | D:3      | Noticed an ogre
  2672 | D:3      | XOM: butterfly on damage
  2680 | D:3      | Killed an ogre
  2681 | D:3      | Reached skill level 4 in Fighting
  2681 | D:3      | Reached skill level 1 in Shields
  2681 | D:3      | Reached XP level 5. HP: 13/42 MP: 5/7
  2756 | D:3      | XOM: potion effect (brilliance)
  2758 | D:3      | XOM: confusion
  2796 | D:3      | XOM: noise
  2801 | D:3      | Killed an ogre
  2802 | D:3      | Reached XP level 6. HP: 13/48 MP: 8/8
  3149 | D:4      | HP: 2/48 [phantom (1)]
  3151 | D:4      | Slain by a phantom

Illustrated notes

Levels and vault maps discovered:
D:1:      dpeg_arrival_ratfight, layout_basic, serial_shops, shop,
          corexii_leaking_fountain
D:2:      layout_loops_ring, ebering_ecumenical_altar_rust, minivault_24
D:3:      layout_loops_ring, grunt_decor_clamped, minmay_stone_trees_small
D:4:      layout_loops_cross, chequers_serial_rivers_large_a, minivault_14,
          minmay_a_box_with_orc_wizards_in_it, uniq_duvessa

Skill      XL: |  1  2  3  4  5 |
---------------+----------------+-----
Spellcasting   | 1 |  1.6
Fighting       | 4 |  4.2
Dodging        | 2 |  2.3
Shields        | 1 |  1.5
Armour         | 3 |  3.1
Maces & Flails | |  3.9

Action                   |  1- 3 |  4- 6 || total
-------------------------+-------+-------++-------
Melee: Mace              |    96 |    98 ||   194
Throw: Stone             |       |     2 ||     2
  Use: Scroll            |     6 |     2 ||     8
 Stab: Confused          |       |     1 ||     1
       Sleeping          |       |     1 ||     1
Armor: Leather armour    |    64 |    23 ||    87
Dodge: Dodged            |    93 |    61 ||   154
Block: Buckler           |     1 |    17 ||    18

Table legend: (Time is in decaauts)
 A = Elapsed time spent in this place.
 B = Non-inter-level travel time spent in this place.
 C = Inter-level travel time spent in this place.
 D = Time resting spent in this place.
 E = Time spent auto-exploring this place.
 F = Levels seen in this place.
 G = Mean time per level.
                   A        B        C        D        E       F      G
               +--------+--------+--------+--------+--------+-----+--------+
         Total |   3201 |   3122 |     79 |    416 |   1979 |   4 |  800.2 |
       Dungeon |   3201 |   3122 |     79 |    416 |   1979 |   4 |  800.2 |
               +--------+--------+--------+--------+--------+-----+--------+

Top non-repeatable levels by time:
     D:3: 1151 daAuts
     D:2: 1061 daAuts
     D:1: 961 daAuts
     D:4: 27 daAuts
